Cogmind - Beta 11.2 @@@ ROGUE MODE // 2022.12.30 @ 19:56:59 Player: wchar_t Result: Destroyed self with Rocket Launcher Performance ------------- Evolutions (0) 0 Regions Visited (2) 400 Robots Destroyed (17) 85 Value Destroyed (381) 381 Prototype IDs (0) 0 Alien Tech Used (0) 0 Bonus (0) 0 TOTAL SCORE: 866 Bonus ------- None Cogmind --------- Core Integrity 0/250 Matter 279/300 Energy 77/100 System Corruption 0% Temperature Cool (0) Movement Walking (120) Location -10/Mines Parts ------- > --- POWER (1) -------- (None) > --- PROPULSION (2) --- Aluminum Leg Aluminum Leg > --- UTILITY (2) ------ Medium Storage Unit Signal Interpreter > --- WEAPON (2) ------- Small Laser Rocket Launcher > --- INVENTORY (10) --- Ion Engine Aluminum Leg Aluminum Leg Aluminum Leg Small Storage Unit Medium Storage Unit Light Assault Rifle Peak State ------------ > --- POWER ------------ Light Ion Engine > --- PROPULSION ------- Aluminum Leg Aluminum Leg > --- UTILITY ---------- Small Storage Unit Seismic Detector > --- WEAPON ----------- Assault Rifle Light Assault Rifle > --- INVENTORY -------- Ion Engine Light Assault Rifle [Rating: 7] Favorites ----------- Power Light Ion Engine Engine Light Ion Engine Propulsion Aluminum Leg Leg Aluminum Leg Utility Medium Storage Unit Device Seismic Detector Storage Medium Storage Unit Processor Signal Interpreter Weapon Light Assault Rifle Energy Gun Small Laser Ballistic Gun Light Assault Rifle Launcher Rocket Launcher Build | -11 -10 -10 ------- Run | Scr Mat Min Slots Evolved . | . . . Power . | . . . Propulsion . | . . . Utility . | . . . Weapon . | . . . Parts Attached 20 | 6 9 5 Power 1 | 1 . . Engine 1 | 1 . . Core . | . . . Reactor . | . . . Propulsion 9 | 2 5 2 Treads . | . . . Leg 9 | 2 5 2 Wheel . | . . . Hover . | . . . Flight . | . . . Utility 4 | 1 2 1 Device 1 | . 1 . Storage 2 | 1 1 . Processor 1 | . . 1 Hackware . | . . . Protection . | . . . Artifact . | . . . Weapon 6 | 2 2 2 Energy Gun 2 | . 1 1 Energy Cannon . | . . . Ballistic Gun 3 | 2 1 . Ballistic Cannon . | . . . Launcher 1 | . . 1 Special Weapon . | . . . Impact Weapon . | . . . Slashing Weapon . | . . . Piercing Weapon . | . . . Special Melee Weapon . | . . . Unidentified Prototypes . | . . . Parts Lost 7 | . 3 4 Power 1 | . 1 . Propulsion 2 | . . 2 Utility 1 | . 1 . Weapon 3 | . 1 2 Highest Loss Streak 4 | . 2 4 To Critical Strikes . | . . . Average Slot Usage (%) 79 | . 87 69 Engine 6 | . 11 . Leg 26 | . 27 25 Device 3 | . 5 . Storage 14 | . 14 14 Processor 1 | . . 4 Energy Gun 7 | . 1 14 Ballistic Gun 19 | . 25 10 Naked Turns . | . . . Heaviest Build 17 | 11 17 12 Greatest Support 20 | 20 20 20 Greatest Overweight (x) 3 | . 3 3 Average Overweight (x) . | . . . Largest Inventory Capacity 10 | 8 10 10 Average Capacity 9 | 6 9 10 Most Carried 8 | 2 7 8 Average Carried 5 | 1 3 7 Final Capacity 10 | 8 10 10 Final Carried 7 | 2 7 7 Class Distribution -------------------- 100% | Mutant Dominant Class ---------------- Mutant | -10/Materials Mutant | -10/Mines Resources | -11 -10 -10 ----------- Run | Scr Mat Min Matter Collected 486 | 187 226 73 Remotely . | . . . Salvage Created 463 | . 350 113 Parts 33 | . 28 5 Haulers Intercepted . | . . . Recyclers Shooed 1 | . 1 . Parts Field Recycled . | . . . Retrieved Matter . | . . . Parts Self-Destructed . | . . . Prevented . | . . . Kills | -11 -10 -10 ------- Run | Scr Mat Min Combat Hostiles Destroyed 16 | . 12 4 Guns 14 | . 12 2 AOE 2 | . . 2 Classes Destroyed 3 | . 3 . Watcher 1 | . 1 . Swarmer 8 | . 6 2 Grunt 8 | . 6 2 Best Kill Streak 4 | . 4 2 Combat Bots Only 4 | . 4 2 Max Kills in Single Turn 2 | . 2 2 Gunslinging . | . . . Exploded 2 | . . 2 Melee . | . . . Uniques/NPCs Destroyed . | . . . Combat | -11 -10 -10 -------- Run | Scr Mat Min Damage Taken 892 | . 460 432 Core 254 | . 101 153 Absorbed by Shields . | . . . Core Remaining (%) 100 | 100 . . Volleys Fired 70 | . 54 16 Largest 2 | . 2 2 Hottest 80 | . 60 80 Shots Fired 115 | . 92 23 Gun 114 | . 92 22 Cannon . | . . . Launcher 1 | . . 1 Special . | . . . Kinetic 90 | . 86 4 Thermal 24 | . 6 18 Explosive 1 | . . 1 Electromagnetic . | . . . Robot Hit Streak 11 | . 11 8 Robot Miss Streak 5 | . 5 2 Penetration Max . | . . . Secondary Targets 1 | . 1 . Max Gunslinging Chain 1 | . 1 . Shots Hit Robots 75 | . 59 16 Core Hits 32 | . 24 8 Critical Kills 1 | . 1 . Critical Parts Destroyed 1 | . 1 . Critical Strikes 2 | . 2 . Destroy 2 | . 2 . Melee Attacks . | . . . Impact . | . . . Slashing . | . . . Piercing . | . . . Sneak Attacks . | . . . Combat Hostiles . | . . . Follow-up Attacks . | . . . Damage Inflicted 935 | . 631 304 Guns 785 | . 620 165 Cannons . | . . . Explosions 117 | . . 117 Melee . | . . . Ramming 33 | . 11 22 Kinetic 592 | . 563 29 Thermal 193 | . 57 136 Explosive 117 | . . 117 Electromagnetic . | . . . Impact . | . . . Slashing . | . . . Piercing . | . . . Highest Corruption . | . . . Average Corruption . | . . . Corruption Purged . | . . . Corruption Blocked . | . . . Overload Shots . | . . . Overflow Damage . | . . . Projectiles . | . . . Explosions . | . . . Melee . | . . . Knockbacks . | . . . Impact . | . . . Kinetic . | . . . Secondary . | . . . Self-Inflicted Damage 36 | . . 36 Shots 1 | . . 1 Rammed . | . . . Targets Rammed 7 | . 1 6 Kicked 7 | . 1 6 Crushed . | . . . Highest Temperature 50 | . 26 50 Average Temperature 16 | . 8 24 Received Heat Transfer 327 | . 168 159 Siege Activations . | . . . Robots Corrupted . | . . . Combat Hostiles . | . . . Parts Fried . | . . . Impact Corruptions . | . . . Robots Melted . | . . . Combat Hostiles . | . . . Parts Melted 2 | . . 2 Heat Transferred 425 | . 125 300 Parts Sabotaged . | . . . Parts Stolen . | . . . Parts Stripped . | . . . Power Chain Reactions . | . . . Missiles Intercepted . | . . . Alert | -11 -10 -10 ------- Run | Scr Mat Min Peak Influence 232 | . 232 74 Initial 49 | . . 49 Average 70 | . 92 54 Maximum Alert Level 1 | . 1 . Low Security (%) 90 | 100 80 100 Level 1 9 | . 19 . Level 2 . | . . . Level 3 . | . . . Level 4 . | . . . Level 5 . | . . . High Security . | . . . Max Security . | . . . Squads Dispatched 3 | . 3 . Investigation 1 | . 1 . Extermination . | . . . Reinforcement 2 | . 2 . Assault . | . . . Garrison . | . . . Intercept . | . . . Searches Triggered . | . . . Construction Impeded . | . . . Haulers Reinforced . | . . . Active Scanning Responses . | . . . Cargo Convoy Interrupts . | . . . Stealth | -11 -10 -10 --------- Run | Scr Mat Min Distress Signals 2 | . 2 . Communications Jammed . | . . . Distress Signals . | . . . Times Spotted 31 | . 20 11 Peak Tracking Total 8 | . 7 8 Tactical Retreats 2 | . 1 1 Traps | -11 -10 -10 ------- Run | Scr Mat Min Traps Triggered 2 | . 2 . Indirectly . | . . . Trap Hack Attempts . | . . . Triggered . | . . . Disarmed . | . . . Reprogrammed . | . . . Reused . | . . . Traps Extracted . | . . . Installed . | . . . Triggered . | . . . Machines | -11 -10 -10 ---------- Run | Scr Mat Min Machines Disabled . | . . . Max in Single Turn . | . . . Machines Sabotaged . | . . . Garrisons Compromised . | . . . Overloaded Fab Kills . | . . . Hacking | -11 -10 -10 --------- Run | Scr Mat Min Machines Accessed 1 | . 1 . Terminals 1 | . 1 . Fabricators . | . . . Repair Stations . | . . . Recycling Units . | . . . Scanalyzers . | . . . Garrison Access . | . . . Total Hacks 2 | . 2 . Successful . | . . . Failed 2 | . 2 . Catastrophic 1 | . 1 . Database Lockouts . | . . . Manual 2 | . 2 . Terminals 2 | . 2 . Fabricators . | . . . Repair Stations . | . . . Recycling Units . | . . . Scanalyzers . | . . . Garrison Access . | . . . Terminal Hacks . | . . . Fabricator Hacks . | . . . Repair Station Hacks . | . . . Recycling Unit Hacks . | . . . Scanalyzer . | . . . Garrison Access Hacks . | . . . Unauthorized Hacks . | . . . Terminals . | . . . Fabricators . | . . . Repair Stations . | . . . Recycling Units . | . . . Scanalyzers . | . . . Garrison Access . | . . . Data Cores Recovered . | . . . Used . | . . . Hacking Detections 1 | . 1 . Full Trace Events . | . . . Feedback Events . | . . . Feedback Blocked . | . . . Robot Schematics Acquired . | . . . Robots Built . | . . . Authchips . | . . . Time . | . . . Total Robot Build Rating . | . . . Part Schematics Acquired . | . . . Parts Built . | . . . Authchips . | . . . Time . | . . . Total Part Build Rating . | . . . Parts Repaired . | . . . Time . | . . . Parts Recycled . | . . . Recycled Matter . | . . . Retrieved Matter . | . . . Retrieved Components . | . . . Parts Scanalyzed . | . . . Part Schematics Acquired . | . . . Parts Damaged . | . . . Bothacking | -11 -10 -10 ------------ Run | Scr Mat Min Used RIF Installer . | . . . Robots Hacked . | . . . Non-combat . | . . . Combat . | . . . Robot Hacks Applied . | . . . Relay Couplers Released . | . . . Fabnet Peak Effective % . | . . . Robots Rewired . | . . . Allies Hacked . | . . . Hacks Repelled . | . . . Allies | -11 -10 -10 -------- Run | Scr Mat Min Total Allies . | . . . Largest Group . | . . . Highest-Rated Group . | . . . Highest-Rated Ally . | . . . Total Orders . | . . . Ally Attacks . | . . . Total Damage . | . . . Kills . | . . . Allies Corrupted . | . . . Allies Melted . | . . . Intel | -11 -10 -10 ------- Run | Scr Mat Min Robot Analysis Total . | . . . Derelict Logs Recovered 2 | . . 2 Drone Launches . | . . . Drone Recoveries . | . . . Exploration | -11 -10 -10 ------------- Run | Scr Mat Min Turns Passed 1005 | 72 524 409 Spaces Moved 627 | 53 284 290 Core 4 | 2 1 1 Treads . | . . . Legs 623 | 51 283 289 Wheels . | . . . Hover . | . . . Flight . | . . . Fastest Speed 50 | 50 120 120 Average Speed 120 | 117 120 121 Slowest Speed 200 | 120 200 200 Overloaded Moves . | . . . Propulsion Burnouts . | . . . Robots Hopped . | . . . Cave-ins Triggered . | . . . Exploration Rate (%) 40 | 4 57 60 Regions Visited 2 Branch Regions 1 Pre-discovered Areas . | . . . Known Exits Taken . | . . . Unknown Exits Taken 2 | 1 1 . Scrap Searched . | . . . Spaces Dug 6 | . . 6 Terrain Destroyed 6 | . . 6 Melee . | . . . Projectile . | . . . AOE 6 | . . 6 Terrain Rammed . | . . . Walls Destroyed . | . . . Machines Disabled . | . . . Actions | -11 -10 -10 --------- Run | Scr Mat Min Total 764 | 60 379 325 Wait 38 | . 31 7 Move 625 | 52 283 290 Hop . | . . . Pick Up 4 | 2 1 1 Fast Attach 15 | 6 5 4 Attach 1 | . . 1 Detach . | . . . Swap 4 | . 4 . Drop . | . . . Fire 70 | . 54 16 Melee . | . . . Ram . | . . . Kick 7 | . 1 6 Crush . | . . . Escape Stasis . | . . . Rewire . | . . . Trap . | . . . Miscellaneous . | . . . Route ------- -11/Scrapyard -10/Materials (discovered 3 exits: [*Mat x2] / [*Min]) -10/Mines (discovered 1 exit: [*Mat]) History --------- Turn | Location | Event 5 | -11/Scrapyard | Discovered new exit (range 15) 73 | -11/Scrapyard | Entered Materials 161 | -10/Materials | Discovered new exit (range 16) 274 | -10/Materials | Discovered new exit (range 3) 306 | -10/Materials | Build established: Mutant 582 | -10/Materials | Discovered new exit (range 6) 597 | -10/Materials | Entered Mines 625 | -10/Mines | Discovered new exit (range 6) 734 | -10/Mines | Received a Rocket Launcher from a helpful Derelict 763 | -10/Mines | Assembled infested the area 768 | -10/Mines | Assisted by a Guerilla fighting off Assembled 896 | -10/Mines | Learned Materials terminal intel 910 | -10/Mines | Core integrity fell below 50% 939 | -10/Mines | Core integrity fell below 20% 961 | -10/Mines | Lost 4 parts (2n2w) 983 | -10/Mines | Learned 2 Materials zone layouts 1006 | -10/Mines | Destroyed self with Rocket Launcher Last Messages --------------- 00922_ Aluminum Leg destroyed. 00923_ K-01 Serf collects debris. 00924_ Acquired Sml. Laser. 00930_ Sml. Laser destroyed. 00932_ Critical hit (Burn: +37). 00941_ Imp. Heat Sink melted. 00941_ Lgt. Nuclear Core melted. 00941_ G-47 Trooper destroyed. 00942_ Acquired 51 matter. 00943_ K-01 Serf collects debris. 00945_ Acquired Aluminum Leg. 00946_ K-01 Serf collects debris. 00947_ Acquired 12 matter. 00950_ Acquired Aluminum Leg. 00952_ Acquired 10 matter. 00957_ K-01 Serf collects debris. 00983_ Acquired derelict log, extracted data. Data stored: Materials zone layouts (x2). 00984_ K-01 Serf collects debris. 01006_ S-10 Pest destroyed. Map ----- +----------------------------------------------------+ | ???????## ##????? | | ######### ### ##???? | | ##?## ##??? | | ############???## ##?? | | ????????????????# /#?? | | ??????????# #?? | | ??????????# #### #?? | | ??????????# ##########??## #?? | | ????????????????????????## #?? | | ???????????$############# ##?? | | ?????????? ##??? | | ?????????? #???? | | ?????????????####### #???? | | ???????????????????## #???? | | ????????????????????### r ##???? | | ??????????????????????## #????? | | ???????????????????????# #????? | | ???????????????????????# #????? | | ???????????????????????# #????? | | ???????????????????????# #????? | | ???????????????????????# #????? | | ???????????????????????# #????? | | ???????????????????????# #????? | | ????????????????????# ## #????? | | ????????????????????# [ #????? | | ?????????????????????# = @#????? | | ?????????????????????# %%##????? | | ?????????????????????## #?????? | | ??????????????????????# #?????? | | ?????????????????????# ????? | | ?????????????????????# """??? | | ?????????????????????# """ #? | | ?????????????????????# """ #? | | ?????????????????????# ?? | | ?????????????????????# """ ?? | | ?????????????????????# """ ?? | | ?????????????????????# """??? | | ?????????????????????# ???? | | ?????????????????????######????? | | ???????????????????????????????? | | | | | | | | | | | | | | | | | | | | | +----------------------------------------------------+ Best States ------------- Heat Dissipation 25 Energy Generation 10 Energy Capacity 125 Matter Stores 300 Matter Capacity 300 Sight Range 16 Terrain Scan Density 10 Evasion (%) 55 Item Schematics ----------------- None Robot Schematics ------------------ None Fabricated ------------ Nothing Alien Tech Used ----------------- None Achievements -------------- None Challenges ------------ None Game ------ Seed DecoderThermoelectricFrame Manual? 0 Play Time 00:09:00 Cumulative 93.6 hours Start 2022.12.30 @ 16:34:01 End 2022.12.30 @ 19:56:59 Sessions 2 Manual Loads 0 Difficulty Rogue Special Mode None Game No. 27 Rogue 16 Adventurer 8 Explorer 3 Win Type - Total 6 Types 3/0/2/1/0/0/0/0/0 Lore% 68 Gallery% 62 Achievement% 60 Wizard Run 0 Options --------- ASCII 1 Keyboard 1 Movement Vi Keybinds 0 Fullscreen 1 Font 18/CogWide Map View 76x50 Tactical HUD 1 Map Filters NONE Filters NONE Steam 0 RUN: c43d44d6-78c3-4210-bf3c-57f48485557e